 Dungeon Sprint DCSS version 0.31-a0-931-g7b59d4eb97 (webtiles) character file.

Game seed: 6699092297956485329

441885 sircluck the Heavyweight Champion (level 18, -9/318 HPs)
             Began as a Troll Berserker on Oct 19, 2023.
             Was the Champion of Trog.
             Killed from afar by Plog the pandemonium lord (76 damage)
             ... with an iron shot
             ... while paralysed
             ... in the Dungeon (Sprint III: "The Ten Rune Challenge").
             The game lasted 01:07:10 (13848 turns).

sircluck the Heavyweight Champion (TrBe)           Turns: 13848, Time: 01:07:23

Health: -9/318     AC:  0    Str: 38    XL:     18   Next: 89%
Magic:  0/15       EV:  3    Int: -2    God:    Trog [******]
Gold:   3365       SH:  0    Dex:  9    Spells: 17/17 levels left

rFire   . .          .
                       - Unarmed
rCold   . . .        V - melded +8 tower shield "Omil" {rN+}
rNeg    + . .        B - melded +4 shadow dragon scales of Conscience {+Inv rPois rF+ Slay+3 Stlth++++}
rPois   .            v - melded +2 hat
rElec   .            R - melded +2 cloak {rPois}
rCorr   .            (gloves unavailable)
SInv    .            (boots unavailable)
Will    +....        z - amulet of Ceusix {Spirit rN+ Regen+ Str+4 Int-3} Stlth
                     k - melded ring "Qethror" {Fly rF+}
HPRegen 2.33/turn    A - melded ring "Paexu" {rCorr Str+6 Int+4}
MPRegen 0.14/turn

%: no teleportation, guardian spirit
@: paralysed, mighty, berserking, lethally poisoned (-9 -> -14), pig-form,
weakened, slowed, lost intelligence, studying Shapeshifting, unable to read,
very quick
A: fast, no casting, small, unfitting armour, (claws 3), regeneration 1, (shaggy
fur 1), (tough skin 1), (deformed body), dopey 1, frail 1, low MP 1, screaming
1, weak 1, wild magic 2, inability to read after injury 1
0: Orb of Zot
}: 10/10 runes: decaying, serpentine, slimy, silver, golden, iron, obsidian,
icy, bone, demonic
a: Renounce Religion, Berserk, Trog's Hand, Brothers in Arms


You were in the Dungeon.
You worshipped Trog.
Trog was exalted by your worship.
You were a filthy swine.
You visited 1 branch You collected 4812 gold pieces.
You spent 1447 gold pieces at shops.

Inventory:

Missiles
 c - 3 large rocks of chaos
 h - 7 large rocks
 Q - 15 silver javelins
Armour
 v - a +2 hat (melded)
 B - the +4 shadow dragon scales of Conscience (melded) {+Inv rPois rF+ Slay+3 Stlth++++}
   (You acquired it in the Dungeon)

   Slay+3:    It affects your accuracy & damage with ranged weapons and melee
   (+3).
   rF+:       It protects you from fire.
   rPois:     It protects you from poison +Inv: It lets you turn invisible.
   Stlth++++: It makes you much more stealthy.
 R - a +2 cloak of poison resistance (melded)
 V - the +8 tower shield "Omil" (melded) {rN+}
   (You found it in the Dungeon)

   rN+:       It protects you from negative energy.
Jewellery
 a - a ring of magical power
 k - the ring "Qethror" (melded) {Fly rF+}
   (You bought it in a shop in the Dungeon)

   [ring of flight]

   rF+:       It protects you from fire.
   Fly:       It grants you flight.
 x - an amulet of the acrobat
 z - the amulet of Ceusix (around neck) {Spirit rN+ Regen+ Str+4 Int-3}
   (You took it off a royal mummy in the Dungeon)

   [amulet of guardian spirit]

   Spirit:    It causes incoming damage to be divided between your reserves of
   health and magic.
   Str+4:     It affects your strength (+4).
   Int-3:     It affects your intelligence (-3).
   rN+:       It protects you from negative energy.
   Regen+:    It increases your rate of health regeneration.
 A - the ring "Paexu" (melded) {rCorr Str+6 Int+4}
   (You bought it in a shop in the Dungeon)

   [ring of strength]

   Str+6:     It affects your strength (+6).
   Int+4:     It affects your intelligence (+4).
   rCorr:     It protects you from acid and corrosion.
 C - the ring of Ulimmun {rC+ Str+7 Dex-4}
   (You acquired it in the Dungeon)

   [ring of protection from cold]

   Str+7:     It affects your strength (+7).
   Dex-4:     It affects your dexterity (-4).
   rC+:       It protects you from cold.
 I - a ring of protection from cold
 K - a ring of resist corrosion
 L - an amulet of guardian spirit
 M - a +6 ring of strength
 W - a ring of see invisible
 X - a ring of protection from fire
 Z - an amulet of faith
Wands
 u - a wand of flame (32)
 w - a wand of quicksilver (15)
 y - a wand of paralysis (13)
 E - a wand of iceblast (29)
 G - a wand of mindburst (9)
 T - a wand of digging (1)
Scrolls
 j - a scroll of immolation
 m - a scroll of acquirement
 F - 5 scrolls of torment
 H - 2 scrolls of silence
 J - 14 scrolls of identify
 N - 4 scrolls of amnesia
 P - a scroll of poison {unknown}
 U - 4 scrolls of enchant armour
Potions
 b - 3 potions of curing
 d - 4 potions of haste
 e - 2 potions of magic
 l - a potion of might
 n - a potion of degeneration
 o - 3 potions of enlightenment
 q - 2 potions of invisibility {unknown}
 r - 4 potions of attraction
 s - a potion of brilliance
 t - a potion of ambrosia
 Y - 3 potions of resistance
Miscellaneous
 f - a phial of floods
 i - a box of beasts
 p - a lightning rod (4/4)
 D - the horn of Geryon
 O - a phantom mirror (inert)


   Skills:
 O Level 27 Fighting
 + Level 14.8 Throwing
 + Level 24.5 Armour
 O Level 27 Dodging
 + Level 14.7 Stealth
 + Level 22.0 Shields
 O Level 27 Unarmed Combat


You had 17 spell levels left.
You didn't know any spells.
Your spell library was empty.

Dungeon Overview and Level Annotations

Branches:
Dungeon (1/1)

Altars:
Cheibriados
Dithmenos
Elyvilon
Fedhas
Gozag
Hepliaklqana
Kikubaaqudgha
Makhleb
Nemelex Xobeh
Okawaru
Qazlal
Ru
Sif Muna
Trog
Uskayaw
Vehumet
Wu Jian
Xom
Yredelemnul
Zin
The Shining One
Jiyva
Lugonu

Shops:
D (?::(!(![![[!=[[?=:=::(

Annotations:
D exclusion: 2 doors


Innate Abilities, Weirdness & Mutations

You are a filthy swine.
You move quickly.
Your equipment is almost entirely melded.
You are incapable of wielding weapons or throwing items.
You cannot cast spells.
You are too large for most types of armour.
((You have claws for hands.))
Your natural rate of healing is unusually fast.
((You are covered in fur. (AC +1)))
((You have tough skin. (AC +1)))
((Armour fits poorly on your strangely shaped body.))
You are dopey. (Int -2)
You are frail. (-10% HP)
Your magical capacity is low. (-10% MP)
You occasionally shout uncontrollably at your foes.
You are weak. (Str -2)
Your spells are harder to cast, but more powerful.
You occasionally lose the ability to read scrolls when taking damage.


Message History

Plog is moderately wounded.
You are engulfed in seething chaos.
You claw Plog!
Plog is heavily wounded.
You are engulfed in seething chaos.
You turn into a filthy swine.
Your +2 cloak of poison resistance melds into your body.
Your +2 hat melds into your body.
The +8 tower shield "Omil" {rN+} melds into your body.
The +4 shadow dragon scales of Conscience {+Inv rPois rF+ Slay+3 Stlth++++} melds into your body.
The ring "Qethror" {Fly rF+} melds into your body.
The ring "Paexu" {rCorr Str+6 Int+4} melds into your body.
You no longer feel resistant to poison.
You float gracefully downwards.
You feel weaker.
You have lost your intelligence.
Plog is engulfed in seething chaos.
Plog pecks you!
The reaper hits Plog from afar with a +5 heavy scythe.
Plog is engulfed in seething chaos.
The orange demon stings you! The orange demon hits you.
You feel your attacks grow feeble.
You are engulfed in seething chaos.
Plog is engulfed in seething chaos.
Plog calls on the powers of darkness!
Your body is wracked with pain!
Plog is engulfed in seething chaos.
Plog suddenly seems more agile.
The reaper hits Plog from afar with a +5 heavy scythe!!!
Odukk comes into view.
The orange demon stings you.
You are poisoned.
The orange demon poisons you! The orange demon hits you.
You feel as though you will be weak longer.
Plog is engulfed in seething chaos.
Plog suddenly seems more agile.
Plog pecks you!!
* * * LOW HITPOINT WARNING * * *
Plog burns you.
* * * LOW HITPOINT WARNING * * *
You are engulfed in seething chaos.
You feel very mighty all of a sudden.
You feel extremely sick.
Plog is engulfed in seething chaos. x2
Plog gestures at you. The iron shot hits you!!!!
You die...

..#..#...#__)#._#..........#.#...
..#..###'#†###[##..........#.#...
#'#..#..........#)........##)#...
##...'.⌠........#.#.##..∩###[[...
##...#..)######'#2)#....## ######
#....#)⌠.#__#..[#§###############
.....#)..#__#..)#[§§§§§.#.'...'.#
.....#'###__#..4#§#§§§#.#.#.).##.
.....#.:,#__#..2h&#..§#.#.#)).#.#
#....#___#__&..x#&#..§#...#...##.
▓▓▓▓▓▓▓▓▓▓▓▓▓▓▓▓▓▓▓▓▓▓▓▓▓▓▓▓▓▓#.#
.≈♣♣.....♣♣♣♣)~~........~~~...##.
~.♣♣.≈≈≈≈'♣♣'♣≈≈≈≈≈≈≈≈≈≈≈≈♣♣P.'.#
~≈~).....#.~♣♣♣♣♣♣♣♣♣♣♣♣♣♣♣♣PP##.
~≈♣♣♣♣♣♣♣#..♣♣ ♣♣♣##' ~≈♣
###'♣♣♣♣♣♣♣♣♣♣♣♣♣♣♣♣♣#.. ####♣
♣♣♣♣.##..##~~~~~≈..#☼°#..


You could see Odukk, Plog (agile, clouds), a reaper (berserk, fast, strong,
agile, distracted, ally target), a blizzard demon, an orange demon (strong,
agile, resistant), a small abomination (strong, agile, resistant) and the
friendly Plog (summoned, fast, agile, clouds, slow, drained).

Vanquished Creatures
  Antaeus (D)
  Gloorx Vloq (D)
  Dispater (D)
  A pandemonium lord (D)
  the Serpent of Hell (D)
  An ancient lich (D)
  An orb of fire (D)
  Tiamat (D)
  Mennas (D)
  Mara (D)
  6 royal mummies (D)
  Boris (D)
  A Killer Klown (D)
  Sigmund (D)
  Frederick (D)
  Geryon (D)
  Xtahua (D)
  Nikola (D)
  A golden dragon (D)
  A Brimstone Fiend (D)
  Nellie (D)
  An electric golem (D)
  3 Hell Sentinels (D)
  5 Ice Fiends (D)
  Rupert (D)
  An iron giant (D)
  3 Orb Guardians (D)
  A lich (D)
  2 deep elf blademasters (D)
  A deep elf master archer (D)
  3 titans (D)
  7 acid blobs (D)
  Murray (D)
  2 sphinxes (D)
  Gastronok (D)
  An ancient champion (D)
  Chuck (D)
  A storm dragon (D)
  3 shadow dragons (D)
  A nagaraja (D)
  Roxanne (D)
  2 fire giants (D)
  An iron dragon (D)
  4 rockslimes (D)
  8 azure jellies (D)
  2 draconian knights (D)
  A frost giant (D)
  2 draconian scorchers (D)
  A draconian shifter (D)
  2 ghost moths (D)
  3 draconian stormcallers (D)
  4 war gargoyles (D)
  2 stone giants (D)
  Nessos (D)
  4 deep elf annihilators (D)
  2 vampire knights (D)
  Azrael (D)
  A yellow draconian (D)
  2 dire elephants (D)
  An iron golem (D)
  A blizzard demon (D)
  6 mummy priests (D)
  Josephine (D)
  A green death (D)
  4 yaktaur captains (D)
  4 fire dragons (D)
  2 deep elf high priests (D)
  2 hydras (D)
  16 vault guards (D)
  3 anacondas (D)
  A hell beast (D)
  An ogre mage (D)
  3 centaur warriors (D)
  A death yak (D)
  2 iron elementals (D)
  A naga warrior (D)
  2 soul eaters (D)
  A deep elf knight (D)
  Urug (D)
  3 sun demons (D)
  A shadow wraith (D)
  9 skeletal warriors (D)
  A death drake (D)
  A spriggan druid (D)
  2 obsidian statues (D)
  3 kraken simulacra (D)
  A spectral iron dragon (D)
  An orange crystal statue (D)
  A lindwurm (D)
  3 shining eyes (D)
  A deep elf zephyrmancer (D)
  5 deep elf pyromancers (D)
  4 crystal guardians (D)
  A wolf spider (shapeshifter) (D)
  A manticore (shapeshifter) (D)
  2 oklob plants (D)
  An orc sorcerer (D)
  9 ugly things (D)
  2 elephants (D)
  3 rust devils (D)
  A moth of wrath (D)
  2 stone giant skeletons (D)
  A guardian serpent (D)
  5 black mambas (D)
  5 statues (D)
  A molten gargoyle (D)
  An eye of devastation (shapeshifter) (D)
  Edmund (D)
  2 cane toads (D)
  6 hellions (D)
  An unseen horror (D)
  8 yaktaurs (D)
  A rime drake (D)
  A komodo dragon (D)
  2 ice devils (D)
  An anaconda simulacrum (D)
  20 guardian mummies (D)
  2 tyrant leeches (D)
  4 spriggan defenders (D)
  3 hornets (D)
  An orc high priest (D)
  7 blink frogs (D)
  6 slime creatures (D)
  2 spriggans (D)
  8 shadows (D)
  3 redbacks (D)
  An iron troll simulacrum (D)
  A spatial vortex (D)
  2 nagas (D)
  2 hydra simulacra (D)
  3 water moccasins (D)
  2 hell hounds (D)
  3 floating eyes (D)
  A floating eye (shapeshifter) (D)
  A swamp drake (D)
  4 orc warriors (D)
  A black mamba simulacrum (D)
  2 centaurs (D)
  An earth elemental (D)
  A necrophage (D)
  A water elemental (D)
  4 killer bees (D)
  6 electric eels (D)
  10 quasits (D)
  An arcanist (D)
  A jelly (D)
  5 orc priests (D)
  Jessica (D)
  A necromancer (D)
  2 orc wizards (D)
  2 polar bear simulacra (D)
  A wolf simulacrum (D)
  A kobold demonologist (D)
  3 humans (D)
  3 wandering mushrooms (D)
  6 adders (D)
  A phantom (D)
  9 orcs (D)
  An endoplasm (D)
  2 rats (D)
  2 butterflies (D)
401 creatures vanquished.

Vanquished Creatures (collateral kills)
  the Royal Jelly (D)
  2 royal mummies (D)
  An Executioner (D)
  2 rockslimes (D)
  A draconian knight (D)
  A ghost moth (D)
  A stone giant (D)
  4 mummy priests (D)
  A yaktaur captain (D)
  A hell beast (D)
  A hydra (D)
  3 death yaks (D)
  4 dancing weapons (D)
  An orc knight (D)
  4 statues (D)
  2 black mambas (D)
  An iron troll simulacrum (D)
  4 yaktaurs (D)
  10 guardian mummies (D)
  A queen bee (D)
  A blink frog (D)
  3 shadows (D)
  28 killer bees (D)
  4 quasits (D)
82 creatures vanquished.

Vanquished Creatures (others)
  A fire giant (D)
  A glowing orange brain (D)
  An ugly thing (D)
  A golden eye (D)
  A floating eye (D)
  4 ball lightnings (D)
  4 ballistomycete spores (D)
  4 tentacles (D)
17 creatures vanquished.

Grand Total: 500 creatures vanquished

Notes
Turn   | Place    | Note
-------+----------+-------------------------------------------
     0 | D        | sircluck the Troll Berserker began the quest for the Orb.
     0 | D        | Reached XP level 1. HP: 22/22 MP: 0/0
    21 | D        | Noticed Jessica
    25 | D        | Killed Jessica
    25 | D        | Reached ** piety under Trog
    26 | D        | Reached XP level 2. HP: 32/32 MP: 1/1
    36 | D        | Reached XP level 3. HP: 39/39 MP: 2/2
    78 | D        | Reached *** piety under Trog
    79 | D        | Reached skill level 5 in Unarmed Combat
    96 | D        | Gained mutation: You are somewhat resistant to further
                  | mutation. [potion of mutation]
    96 | D        | Gained mutation: Your spells are a little easier to cast,
                  | but a little less powerful. [potion of mutation]
   102 | D        | Noticed a water elemental
   104 | D        | Lost mutation: Your spells are a little easier to cast, but
                  | a little less powerful. [potion of mutation]
   104 | D        | Lost mutation: You are somewhat resistant to further
                  | mutation. [potion of mutation]
   104 | D        | Gained mutation: You have a pair of small antennae on your
                  | head. [potion of mutation]
   105 | D        | Lost mutation: You have a pair of small antennae on your
                  | head. [potion of mutation]
   105 | D        | Gained mutation: You have large cloven feet. [potion of
                  | mutation]
   105 | D        | Gained mutation: You are clumsy. (Dex -2) [potion of
                  | mutation]
   105 | D        | Gained mutation: You are partially covered in large bone
                  | plates. (SH +4) [potion of mutation]
   108 | D        | Killed a water elemental
   109 | D        | Reached skill level 5 in Fighting
   109 | D        | Reached skill level 5 in Dodging
   109 | D        | Reached XP level 4. HP: 50/50 MP: 3/3
   114 | D        | Found a glowing silver altar of Zin.
   114 | D        | Found a glowing golden altar of the Shining One.
   114 | D        | Found a white marble altar of Elyvilon.
   114 | D        | Noticed a deep elf pyromancer
   122 | D        | Killed a deep elf pyromancer
   123 | D        | Reached XP level 5. HP: 63/63 MP: 4/4
   123 | D        | Reached XP level 6. HP: 72/72 MP: 5/5
   128 | D        | Found a radiant altar of Vehumet.
   128 | D        | Found a shimmering blue altar of Sif Muna.
   128 | D        | Found an ancient bone altar of Kikubaaqudgha.
   134 | D        | Reached **** piety under Trog
   135 | D        | Reached XP level 7. HP: 79/79 MP: 6/6
   153 | D        | Found a hide-covered altar of Uskayaw.
   153 | D        | Found an iron altar of Okawaru.
   153 | D        | Found a bloodstained altar of Trog.
   153 | D        | Found an ornate altar of the Wu Jian Council.
   153 | D        | Noticed a human
   153 | D        | Noticed a human
   161 | D        | Killed a human
   161 | D        | Reached ***** piety under Trog
   170 | D        | Killed a human
   171 | D        | Reached skill level 10 in Unarmed Combat
   188 | D        | Found a basalt altar of Yredelemnul.
   188 | D        | Found a shadowy altar of Dithmenos.
   188 | D        | Found a sacrificial altar of Ru.
   199 | D        | Noticed a shadow
   202 | D        | Killed a shadow
   202 | D        | Received a gift from Trog
   203 | D        | Reached XP level 8. HP: 91/92 MP: 7/7
   211 | D        | Found a blossoming altar of Fedhas.
   211 | D        | Found a stormy altar of Qazlal.
   211 | D        | Found a snail-covered altar of Cheibriados.
   211 | D        | Found a burning altar of Makhleb.
   211 | D        | Found a shimmering altar of Xom.
   212 | D        | Found a hazy altar of Hepliaklqana.
   212 | D        | Found an opulent altar of Gozag.
   212 | D        | Found a sparkling altar of Nemelex Xobeh.
   212 | D        | Found a corrupted altar of Lugonu.
   212 | D        | Found a viscous altar of Jiyva.
   244 | D        | Noticed Josephine
   250 | D        | Killed Josephine
   251 | D        | Reached skill level 10 in Fighting
   251 | D        | Reached skill level 10 in Dodging
   255 | D        | Noticed an orc sorcerer
   256 | D        | Noticed a hellwing
   275 | D        | Received a gift from Trog
   276 | D        | Reached XP level 9. HP: 65/102 MP: 8/8
   288 | D        | Killed an orc sorcerer
   288 | D        | Reached ****** piety under Trog
   296 | D        | Received a gift from Trog
   312 | D        | Received a gift from Trog
   376 | D        | Found Meyfaar's Antique Weapon Shop.
   445 | D        | Noticed a centaur warrior
   449 | D        | Killed a centaur warrior
   466 | D        | Noticed a queen bee
   472 | D        | Received a gift from Trog
   477 | D        | Reached XP level 10. HP: 115/115 MP: 9/9
   481 | D        | Received a gift from Trog
   491 | D        | Received a gift from Trog
   509 | D        | Received a gift from Trog
   667 | D        | Noticed a cane toad
   667 | D        | Noticed a cane toad
   671 | D        | Killed a cane toad
   672 | D        | Reached skill level 15 in Unarmed Combat
   676 | D        | Killed a cane toad
   680 | D        | Received a gift from Trog
   786 | D        | Noticed a lindwurm
   791 | D        | Killed a lindwurm
   828 | D        | Reached XP level 11. HP: 110/127 MP: 10/10
   849 | D        | Noticed Urug
   853 | D        | Killed Urug
   853 | D        | Received a gift from Trog
   866 | D        | Noticed a four-headed hydra
   866 | D        | Noticed a seven-headed hydra
   886 | D        | Killed an 11-headed hydra
   888 | D        | Killed a six-headed hydra
   982 | D        | Noticed a death drake
   989 | D        | Killed a death drake
  1032 | D        | Noticed an anaconda
  1033 | D        | Noticed an anaconda
  1038 | D        | Killed an anaconda
  1042 | D        | Received a gift from Trog
  1054 | D        | Killed an anaconda
  1246 | D        | Received a gift from Trog
  1359 | D        | Noticed an anaconda
  1373 | D        | Killed an anaconda
  1374 | D        | Reached skill level 15 in Fighting
  1447 | D        | Noticed a nagaraja
  1447 | D        | Noticed a naga warrior
  1705 | D        | Reached skill level 15 in Dodging
  1736 | D        | Killed a nagaraja
  1736 | D        | Received a gift from Trog
  1766 | D        | Killed a naga warrior
  1767 | D        | Reached XP level 12. HP: 100/143 MP: 11/11
  1835 | D        | Found Kounor's Book Shop.
  1835 | D        | Found Dahacs's Antique Weapon Shoppe.
  1839 | D        | Found Xolianip's Distillery.
  1845 | D        | Bought a potion of mutation for 88 gold pieces
  1857 | D        | Got a serpentine rune of Zot
  1954 | D        | Identified the +7 spear of Expedience {heavy, Dex+3} (Trog
                  | gifted it to you in the Dungeon)
  1954 | D        | Received a gift from Trog
  2001 | D        | Noticed Rupert
  2001 | D        | Paralysed by Rupert for 4 turns
  2016 | D        | Killed Rupert
  2052 | D        | Noticed an azure jelly
  2052 | D        | Noticed an azure jelly
  2052 | D        | Noticed an azure jelly
  2052 | D        | Noticed an azure jelly
  2067 | D        | Noticed a death yak
  2067 | D        | Noticed a death yak
  2068 | D        | Noticed a death yak
  2072 | D        | Killed a death yak
  2075 | D        | Killed a death yak
  2088 | D        | Noticed a death yak
  2096 | D        | Received a gift from Trog
  2099 | D        | Killed a death yak
  2221 | D        | Killed a death yak
  2250 | D        | Received a gift from Trog
  2254 | D        | Noticed a fire dragon
  2266 | D        | Killed a fire dragon
  2268 | D        | Noticed a fire dragon
  2276 | D        | Killed a fire dragon
  2302 | D        | Noticed a fire dragon
  2318 | D        | Killed a fire dragon
  2319 | D        | Reached skill level 1 in Armour
  2326 | D        | Found Xieru's Antique Weapon Shoppe.
  2326 | D        | Found Fibbulusch's Magic Scroll Boutique.
  2327 | D        | Found Nieptuble's Book Emporium.
  2334 | D        | Bought a scroll of revelation for 105 gold pieces
  2334 | D        | Noticed a Brimstone Fiend
  2335 | D        | Noticed Mennas
  2355 | D        | Noticed a five-headed hydra
  2355 | D        | Noticed Xtahua
  2359 | D        | Killed a five-headed hydra
  2368 | D        | Paralysed by Xtahua for 2 turns
  2372 | D        | Killed Xtahua
  2432 | D        | Got a decaying rune of Zot
  2495 | D        | Noticed a dire elephant
  2495 | D        | Noticed a dire elephant
  2495 | D        | Noticed Gastronok
  2501 | D        | Killed Gastronok
  2501 | D        | Received a gift from Trog
  2502 | D        | Reached XP level 13. HP: 147/156 MP: 12/12
  2509 | D        | Killed a dire elephant
  2522 | D        | Killed a dire elephant
  2596 | D        | Found a blossoming altar of Fedhas.
  2604 | D        | Received a gift from Trog
  2605 | D        | Reached skill level 5 in Armour
  3006 | D        | Received a gift from Trog
  3318 | D        | Noticed Sigmund
  3318 | D        | Noticed Edmund
  3328 | D        | Killed Edmund
  3332 | D        | Killed Sigmund
  3354 | D        | Received a gift from Trog
  3601 | D        | Identified the +6 halberd of Friendship {flame, Drain Str+5
                  | Stlth+} (Trog gifted it to you in the Dungeon)
  3601 | D        | Received a gift from Trog
  3619 | D        | Noticed a fire dragon
  3624 | D        | Killed a fire dragon
  3706 | D        | Received a gift from Trog
  3819 | D        | Received a gift from Trog
  3861 | D        | Noticed a mummy priest
  3862 | D        | Noticed a sphinx
  3862 | D        | Noticed a sphinx
  3872 | D        | Killed a sphinx
  3875 | D        | Killed a mummy priest
  3877 | D        | Killed a sphinx
  3878 | D        | Reached XP level 14. HP: 170/170 MP: 13/13
  4006 | D        | Received a gift from Trog
  4040 | D        | Noticed an ancient lich
  4043 | D        | Found the +6 Majin-Bo {spellvamp, MP+6 Int+6}
  4058 | D        | Identified the +6 dagger of Duty {heavy, rElec}
  4158 | D        | Reached skill level 10 in Armour
  4451 | D        | Noticed a royal mummy
  4456 | D        | Received a gift from Trog
  4466 | D        | Killed a royal mummy
  4472 | D        | Identified the +7 longbow of Ointment {elec, rElec Str+4}
  4474 | D        | Identified the amulet of Ceusix {Spirit rN+ Regen+ Str+4
                  | Int-3}
  4474 | D        | Noticed a royal mummy
  4482 | D        | Noticed an emperor scorpion
  4482 | D        | Killed a royal mummy
  4482 | D        | Received a gift from Trog
  4632 | D        | Got a golden rune of Zot
  4634 | D        | Identified the staff "Yfoihysh" {rElec rPois rF+ rC- Str+3
                  | Fire}
  4639 | D        | Acquired the +4 shadow dragon scales of Conscience {+Inv
                  | rPois rF+ Slay+3 Stlth++++}
  4640 | D        | Acquired a manual of Armour
  4652 | D        | Acquired the ring of Ulimmun {rC+ Str+7 Dex-4}
  4655 | D        | Acquired 907 gold pieces
  4656 | D        | Acquired a manual of Armour
  4658 | D        | Lost mutation: You are clumsy. (Dex -2) [potion of
                  | mutation]
  4658 | D        | Lost mutation: You are partially covered in large bone
                  | plates. (SH +4) [potion of mutation]
  4658 | D        | Lost mutation: You have large cloven feet. [potion of
                  | mutation]
  4658 | D        | Gained mutation: Your spells are a little harder to cast,
                  | but a little more powerful. [potion of mutation]
  4664 | D        | Lost intelligence.
  4977 | D        | Noticed Chuck
  5003 | D        | Killed Chuck
  5057 | D        | Noticed Frederick
  5078 | D        | Killed Frederick
  5078 | D        | Received a gift from Trog
  5151 | D        | Noticed a lich
  5163 | D        | Killed a lich
  5181 | D        | Noticed a shadow dragon
  5182 | D        | Noticed a shadow dragon
  5192 | D        | Killed a shadow dragon
  5197 | D        | Killed a shadow dragon
  5328 | D        | Received a gift from Trog
  5336 | D        | Reached XP level 15. HP: 185/185 MP: 14/14
  5518 | D        | Found Ijawk's Magic Scroll Emporium.
  5518 | D        | Found Fiab's Book Shop.
  5518 | D        | Found Kibrenin's Antique Armour Boutique.
  5518 | D        | Found Fuupotal's Antique Weapon Shoppe.
  5518 | D        | Found Cotal's Antique Armour Boutique.
  5518 | D        | Found Kuutotei's Jewellery Emporium.
  5518 | D        | Found Birch's Jewellery Shoppe.
  5518 | D        | Found Gurorch's Book Shop.
  5518 | D        | Found Omousosa's Distillery.
  5518 | D        | Found Qymaox's Book Emporium.
  5518 | D        | Found Zemnot's Jewellery Boutique.
  5559 | D        | Bought the ring "Paexu" {rCorr Str+6 Int+4} for 684 gold
                  | pieces
  5567 | D        | Bought a scroll of revelation for 105 gold pieces
  5607 | D        | Reached skill level 1 in Shields
  5629 | D        | Paralysed by an air elemental for 1 turns
  5636 | D        | Paralysed by an air elemental for 1 turns
  5641 | D        | Received a gift from Trog
  5667 | D        | Noticed Mara
  5680 | D        | Killed Mara
  5693 | D        | Identified the +5 war axe of Serendipity {flame, rC+ rN+
                  | Str-5 Dex+5} (Trog gifted it to you in the Dungeon)
  5693 | D        | Received a gift from Trog
  5694 | D        | Reached skill level 15 in Armour
  5736 | D        | Bought the ring "Qethror" {Fly rF+} for 315 gold pieces
  5762 | D        | Noticed an ancient champion
  5763 | D        | Killed an ancient champion
  5939 | D        | Identified the +7 war axe of the Valley of Death {protect,
                  | Dex+4}
  6032 | D        | Received a gift from Trog
  6033 | D        | Reached skill level 5 in Shields
  6055 | D        | Identified the +5 ice dragon scales of the Stars {rPois rF-
                  | rC++ Will++}
  6163 | D        | Noticed a deep elf master archer
  6165 | D        | Identified the +4 halberd of Nystoge {elec, Fragile rF+++
                  | Int+6}
  7391 | D        | Reached skill level 1 in Stealth
  7392 | D        | Killed a deep elf master archer
  7396 | D        | Received a gift from Trog
  7561 | D        | Noticed Azrael
  7569 | D        | Killed Azrael
  7569 | D        | Received a gift from Trog
  7574 | D        | Acquired a manual of Fighting
  7780 | D        | Found Igoamp's Armour Shoppe.
  7780 | D        | Found Urunaush's Distillery.
  7780 | D        | Found Maxaxt's Armour Shop.
  7780 | D        | Found Munungun's Armour Emporium.
  7780 | D        | Noticed Roxanne
  7784 | D        | Received a gift from Trog
  7898 | D        | Killed Roxanne
  7950 | D        | Identified the +6 quarterstaff "Vaschasiw" {antimagic, rC+
                  | Str+3} (Trog gifted it to you in the Dungeon)
  7950 | D        | Received a gift from Trog
  7956 | D        | Killed Mennas
  8031 | D        | Received a gift from Trog
  8167 | D        | Reached skill level 10 in Shields
  8171 | D        | Noticed Boris
  8184 | D        | Killed Boris
  8184 | D        | Received a gift from Trog
  8323 | D        | Noticed Nikola
  8323 | D        | Noticed a storm dragon
  8334 | D        | Killed a storm dragon
  8335 | D        | Reached skill level 5 in Stealth
  8392 | D        | Killed Nikola
  8438 | D        | Identified the +2 spear of Past Mistakes {flame, rC+ rCorr}
                  | (Trog gifted it to you in the Dungeon)
  8438 | D        | Received a gift from Trog
  8530 | D        | Found Quzahi's Distillery.
  8536 | D        | Noticed a black draconian knight
  8538 | D        | Bought a potion of heal wounds for 50 gold pieces
  8538 | D        | Bought a potion of heal wounds for 50 gold pieces
  8538 | D        | Bought a potion of heal wounds for 50 gold pieces
  8538 | D        | Noticed a black draconian knight
  8548 | D        | Noticed an Executioner
  8548 | D        | Killed a black draconian knight
  8554 | D        | Killed a black draconian knight
  8555 | D        | Reached XP level 16. HP: 190/201 MP: 11/15
  8557 | D        | Killed an Executioner
  8557 | D        | Received a gift from Trog
  8577 | D        | Noticed a deep elf blademaster
  8589 | D        | Killed a deep elf blademaster
  8589 | D        | Received a gift from Trog
  8874 | D        | Noticed Nessos
  8882 | D        | Killed Nessos
  8901 | D        | Received a gift from Trog
  8908 | D        | Paralysed by a floating eye for 3 turns
  8913 | D        | Paralysed by a floating eye for 2 turns
  8919 | D        | Paralysed by a floating eye for 2 turns
  8922 | D        | Gained mutation: Your spells are harder to cast, but more
                  | powerful. [a shining eye]
  8927 | D        | Gained mutation: You are frail. (-10% HP) [a shining eye]
  8957 | D        | Noticed a Killer Klown
  8973 | D        | Killed a Killer Klown
  9130 | D        | Noticed an Orb Guardian
  9130 | D        | Noticed an Orb Guardian
  9144 | D        | Killed an Orb Guardian
  9153 | D        | Killed an Orb Guardian
  9153 | D        | Received a gift from Trog
  9243 | D        | Noticed an ancient lich
  9249 | D        | Killed an ancient lich
  9358 | D        | Noticed an electric golem
  9366 | D        | Killed an electric golem
  9485 | D        | Received a gift from Trog
  9489 | D        | Noticed an orb of fire
  9489 | D        | Found the +4 dragonskin cloak
  9489 | D        | Noticed Tiamat
  9652 | D        | Noticed Geryon
  9706 | D        | Killed Geryon
  9707 | D        | Reached skill level 15 in Shields
  9904 | D        | Noticed an iron giant
  9918 | D        | Killed an iron giant
  9982 | D        | Received a gift from Trog
 10029 | D        | Noticed a Hell Sentinel
 10029 | D        | Noticed Dispater
 10044 | D        | Killed a Hell Sentinel
 10046 | D        | Noticed a Hell Sentinel
 10055 | D        | Noticed a Hell Sentinel
 10062 | D        | Killed Dispater
 10063 | D        | Reached skill level 27 in Unarmed Combat
 10063 | D        | Reached XP level 17. HP: 88/195 MP: 4/16
 10066 | D        | Killed a Hell Sentinel
 10093 | D        | Got an iron rune of Zot
 10116 | D        | Noticed a Hell Sentinel
 10130 | D        | Killed a Hell Sentinel
 10133 | D        | Identified the +4 tower shield of Distant Worlds {rElec rF+
                  | rN++ Str-3}
 10133 | D        | Identified the +8 tower shield "Omil" {rN+}
 10259 | D        | Noticed a deep elf blademaster
 10263 | D        | Killed a deep elf blademaster
 10584 | D        | Noticed an acid blob
 10584 | D        | Noticed an acid blob
 10600 | D        | Killed an acid blob
 10601 | D        | Reached skill level 10 in Stealth
 10623 | D        | Received a gift from Trog
 10743 | D        | Noticed the Royal Jelly
 10757 | D        | Killed an acid blob
 10764 | D        | Noticed an acid blob
 10765 | D        | Noticed an acid blob
 10765 | D        | Killed the Royal Jelly
 10770 | D        | Killed an acid blob
 10772 | D        | Noticed an acid blob
 10774 | D        | Killed an acid blob
 10775 | D        | Killed an acid blob
 10787 | D        | Noticed an acid blob
 10790 | D        | Killed an acid blob
 10905 | D        | Noticed an acid blob
 10911 | D        | Killed an acid blob
 10948 | D        | Got a slimy rune of Zot
 11208 | D        | Noticed a titan
 11414 | D        | Noticed a titan
 11421 | D        | Reached skill level 1 in Throwing
 11427 | D        | Killed a titan
 11471 | D        | Identified the +9 hand axe "Moamagau" {speed, Str+2 Int+3}
 11475 | D        | Received a gift from Trog
 11489 | D        | Identified the +8 plate armour of the Skies Above {Will+
                  | Int+3}
 11490 | D        | Killed a titan
 11506 | D        | Received a gift from Trog
 11510 | D        | Noticed a golden dragon
 11512 | D        | Reached skill level 5 in Throwing
 11513 | D        | Noticed a titan
 11516 | D        | Killed a golden dragon
 11520 | D        | Killed a titan
 11522 | D        | Received a gift from Trog
 11554 | D        | Received a gift from Trog
 11583 | D        | Got a silver rune of Zot
 11729 | D        | Noticed Nellie
 11742 | D        | Killed Nellie
 11748 | D        | Got a demonic rune of Zot
 11997 | D        | Noticed an Ice Fiend
 11999 | D        | Killed an Ice Fiend
 12005 | D        | Noticed an Ice Fiend
 12007 | D        | Killed an Ice Fiend
 12007 | D        | Received a gift from Trog
 12015 | D        | Noticed Antaeus
 12048 | D        | Killed Antaeus
 12050 | D        | Got an icy rune of Zot
 12101 | D        | Noticed an Ice Fiend
 12106 | D        | Killed an Ice Fiend
 12107 | D        | Reached XP level 18. HP: 210/210 MP: 17/17
 12112 | D        | Noticed an Ice Fiend
 12114 | D        | Killed an Ice Fiend
 12121 | D        | Found the +3 pair of seven-league boots {Rampage+∞}
 12121 | D        | Noticed an Ice Fiend
 12123 | D        | Killed an Ice Fiend
 12150 | D        | Noticed a royal mummy
 12153 | D        | Received a gift from Trog
 12160 | D        | Killed a royal mummy
 12223 | D        | Noticed a royal mummy
 12223 | D        | Noticed a royal mummy
 12227 | D        | Killed a royal mummy
 12228 | D        | Reached skill level 10 in Throwing
 12243 | D        | Identified the +9 quarterstaff of Equivalence {heavy,
                  | Dex+3} (Trog gifted it to you in the Dungeon)
 12243 | D        | Received a gift from Trog
 12245 | D        | Noticed a royal mummy
 12247 | D        | Killed a royal mummy
 12267 | D        | Killed a royal mummy
 12267 | D        | Received a gift from Trog
 12375 | D        | Noticed Gloorx Vloq
 12390 | D        | Noticed an Orb Guardian
 12390 | D        | Noticed an Orb Guardian
 12409 | D        | Received a gift from Trog
 12435 | D        | Identified the +5 falchion "Huler" {flame, Drain +Blink
                  | rCorr Dex+8} (Trog gifted it to you in the Dungeon)
 12435 | D        | Received a gift from Trog
 12438 | D        | Noticed a royal mummy
 12448 | D        | Noticed Murray
 12448 | D        | Received a gift from Trog
 12472 | D        | Noticed a royal mummy
 12540 | D        | Killed a royal mummy
 12541 | D        | Reached skill level 27 in Fighting
 12588 | D        | Killed a royal mummy
 12596 | D        | Killed Murray
 12596 | D        | Received a gift from Trog
 12611 | D        | Got a bone rune of Zot
 12805 | D        | Killed Gloorx Vloq
 12882 | D        | Noticed the Serpent of Hell
 12883 | D        | Noticed a golden dragon
 12900 | D        | Killed the Serpent of Hell
 12925 | D        | Killed a Brimstone Fiend
 12957 | D        | HP: 8/212 [hellion/damnation (32)]
 13078 | D        | Identified the +1 eveningstar of Amortisation {spect, rC+
                  | SInv}
 13078 | D        | Identified the +6 bardiche of Xom, Dripping {flame, Will+}
 13082 | D        | Got an obsidian rune of Zot
 13290 | D        | Killed Tiamat
 13308 | D        | Killed an orb of fire
 13459 | D        | Received a gift from Trog
 13495 | D        | Gained mutation: You are weak. (Str -2) [mutagenic glow]
 13508 | D        | Gained mutation: You occasionally shout uncontrollably at
                  | your foes. [mutagenic glow]
 13557 | D        | Got the Orb of Zot
 13569 | D        | Gained mutation: You occasionally lose the ability to read
                  | scrolls when taking damage. [mutagenic glow]
 13590 | D        | Gained mutation: You are dopey. (Int -2) [mutagenic glow]
 13602 | D        | Gained mutation: Armour fits poorly on your strangely
                  | shaped body. [mutagenic glow]
 13610 | D        | Gained mutation: Your magical capacity is low. (-10% MP)
                  | [mutagenic glow]
 13633 | D        | Noticed an Orb Guardian
 13647 | D        | Noticed Digh the pandemonium lord
 13651 | D        | Killed an Orb Guardian
 13652 | D        | Noticed a Tzitzimitl
 13654 | D        | Noticed an Ice Fiend
 13703 | D        | Killed Digh the pandemonium lord
 13704 | D        | Reached skill level 27 in Dodging
 13839 | D        | Noticed Plog the pandemonium lord
 13846 | D        | Lost intelligence.
 13847 | D        | Noticed Odukk the pandemonium lord
 13848 | D        | Killed from afar by Plog the pandemonium lord

Illustrated notes

Levels and vault maps discovered:
D:        dungeon_sprint_mu [sprint_mu_entry_cave, sprint_mu_temple_rooms,
          sprint_mu_d1_horrors, sprint_mu_d2_genie, sprint_mu_d3_branching,
          sprint_mu_orc_legion, sprint_mu_elf_gauntlet, sprint_mu_hive_nellie,
          sprint_mu_lair_fedhas, sprint_mu_vaults_butterflies,
          sprint_mu_slime_circle, sprint_mu_swamp_cave, sprint_mu_snake_twists,
          sprint_mu_blade_basic, sprint_mu_crypt_lich, sprint_mu_tomb_spiral,
          sprint_mu_vestibule_basic, sprint_mu_gehenna_hellfire,
          sprint_mu_dis_giant, sprint_mu_tartarus_statrot,
          sprint_mu_cocytus_islands, sprint_mu_zot1]

Skill      XL: |  1  2  3  4  5  6  7  8  9 10 11 12 13 14 15 16 17 18 |
---------------+-------------------------------------------------------+-----
Fighting       | 3 5 7 9 10 11 13 15 17 18 20 22 24 26 27 | 27.0
Dodging        | 3 5 7 9 10 11 13 15 17 18 20 21 23 25 27 | 27.0
Unarmed Combat | 4 6 9 10 12 13 15 17 20 21 23 25 27 | 27.0
Armour         | 3 9 13 18 20 22 24 | 24.5
Shields        | 11 15 19 22 | 22.0
Stealth        | 5 9 12 14 | 14.7
Throwing       | 9 14 | 14.8

Action                     |  1- 3 |  4- 6 |  7- 9 | 10-12 | 13-15 | 16-18 || total
---------------------------+-------+-------+-------+-------+-------+-------++-------
  Melee: Unarmed           |    13 |    10 |    94 |   213 |   428 |   634 ||  1392
         Punch             |       |     1 |     2 |    22 |    36 |       ||    61
         Kick              |       |       |    24 |    45 |    64 |       ||   133
  Throw: Javelin           |       |       |       |       |       |     1 ||     1
 Invoke: Brothers in Arms  |       |       |     1 |     4 |    14 |    24 ||    43
         Berserk           |       |       |       |     6 |     8 |    10 ||    24
         Trog's Hand       |       |       |       |       |       |     3 ||     3
  Evoke: Wand              |       |       |       |       |     3 |     4 ||     7
         Phantom mirror    |       |       |       |       |       |     2 ||     2
         Horn of Geryon    |       |       |       |       |       |     1 ||     1
    Use: Potion            |     3 |       |       |     2 |     8 |    22 ||    35
         Scroll            |       |       |       |     1 |    11 |     7 ||    19
   Stab: Sleeping          |       |       |       |       |     3 |    11 ||    14
         Distracted        |       |       |       |       |       |     4 ||     4
 Armour: Animal skin       |     3 |       |       |       |       |       ||     3
         Robe              |     2 |     3 |    47 |   156 |       |       ||   208
         Fire dragon scale |       |       |       |     6 |   122 |       ||   128
         Shadow dragon sca |       |       |       |       |   285 |   380 ||   665
         Skin              |       |       |       |       |       |     7 ||     7
  Dodge: Dodged            |     6 |     4 |    41 |    70 |   132 |   189 ||   442
  Block: Other             |       |     1 |    14 |    26 |    14 |       ||    55
         Tower shield      |       |       |       |       |    59 |   581 ||   640
         Reflection        |       |       |       |       |    14 |    12 ||    26

Table legend: (Time is in decaauts) A = Elapsed time spent in this place. B = Non-inter-level travel time spent in this place. C = Inter-level travel time spent in this place. D = Time resting spent in this place. E = Time spent auto-exploring this place. F = Levels seen in this place. G = Mean time per level. A B C D E F G +--------+--------+--------+--------+--------+-----+--------+ Total | 13662 | 11343 | 2319 | 6634 | 457 | 1 | 13662.0 | Dungeon | 13662 | 11343 | 2319 | 6634 | 457 | 1 | 13662.0 | +--------+--------+--------+--------+--------+-----+--------+

Top non-repeatable levels by time:
       D: 13662 daAuts
